| TOP OF THE 1ST |
|
Reading Fightin Phils batting - Pitching for Harrisburg Senators : RHP Kalititi Haki
|
|
Pitching: RHP Kalititi Haki
|
|
|
Batting: RHB Matt Strong
|
0-0: Swinging Strike 0-1: Foul Ball, location: 2F 0-2: Foul Ball, location: 2F 0-2: Ball 1-2: Ball 2-2: Strikes out swinging
|
|
Batting: LHB Danny Hill
|
0-0: Foul Ball, location: 2F 0-1: Foul Ball, location: 2F 0-2: Strikes out swinging
|
|
Batting: RHB Austin Wiebe
|
0-0: Ball 1-0: Foul Ball, location: 2F 1-1: Ball 2-1: Swinging Strike 2-2: Strikes out swinging
|
| Top of the 1st over - 0 runs, 0 hits, 0 errors, 0 left on base; Reading 0 - Harrisburg 0 |
| BOTTOM OF THE 1ST |
|
Harrisburg Senators batting - Pitching for Reading Fightin Phils : RHP Frank Diaz
|
|
Pitching: RHP Frank Diaz
|
|
|
Batting: RHB Marcus Dawson
|
0-0: Ball 1-0: Called Strike 1-1: Called Strike 1-2: SINGLE (Line Drive, 4M, EV 104.4 MPH)
|
|
Batting: RHB Jon Metzler
|
0-0: Ball Marcus Dawson steals 2nd base 1-0: Ball 2-0: Foul Ball, location: 2F 2-1: Swinging Strike 2-2: Strikes out swinging
|
|
Batting: RHB Deshawn Boseman
|
0-0: Called Strike Marcus Dawson steals 3rd base (no throw) 0-1: Called Strike 0-2: Ball 1-2: Ground out U3 (Groundball, 34S, EV 81.9 MPH) Marcus Dawson scores
|
|
Batting: LHB Shinji Adachi
|
0-0: Called Strike 0-1: Called Strike 0-2: Strikes out swinging
|
| Bottom of the 1st over - 1 run, 1 hit, 0 errors, 0 left on base; Reading 0 - Harrisburg 1 |
| TOP OF THE 2ND |
|
Reading Fightin Phils batting - Pitching for Harrisburg Senators : RHP Kalititi Haki
|
|
Batting: LHB Chris Fandino
|
0-0: Called Strike 0-1: Foul Ball, location: 2F 0-2: Ball 1-2: Strikes out swinging
|
|
Batting: RHB Mike Narciso
|
0-0: Swinging Strike 0-1: Foul Ball, location: 2F 0-2: Ground out 5-3 (Groundball, 5, EV 103.1 MPH)
|
|
Batting: LHB Darrell Ortega
|
0-0: Ball 1-0: Swinging Strike 1-1: Ground out 4-3 (Groundball, 4, EV 88.1 MPH)
|
| Top of the 2nd over - 0 runs, 0 hits, 0 errors, 0 left on base; Reading 0 - Harrisburg 1 |
| BOTTOM OF THE 2ND |
|
Harrisburg Senators batting - Pitching for Reading Fightin Phils : RHP Frank Diaz
|
|
Batting: RHB Justin Slifka
|
0-0: Ball 1-0: Ball 2-0: Ball 3-0: Called Strike 3-1: Base on Balls
|
|
Batting: LHB Ben Montgomery
|
0-0: Ball 1-0: Swinging Strike 1-1: Ball 2-1: Foul Ball, location: 2F 2-2: Strikes out swinging
|
|
Batting: RHB Chris Pynn
|
0-0: Ball 1-0: Ball 2-0: Fly out, F8 (Flyball, 8LXD, EV 103.1 MPH)
|
|
Batting: LHB Diego Muniz
|
0-0: Ground out 1-3 (Groundball, 15S, EV 63.8 MPH)
|
| Bottom of the 2nd over - 0 runs, 0 hits, 0 errors, 1 left on base; Reading 0 - Harrisburg 1 |
| TOP OF THE 3RD |
|
Reading Fightin Phils batting - Pitching for Harrisburg Senators : RHP Kalititi Haki
|
|
Batting: RHB Fletcher Easter
|
0-0: Called Strike 0-1: Foul Ball, location: 2F 0-2: Ball 1-2: Ball 2-2: Ball 3-2: Ground out 5-3 (Groundball, 5, EV 81.3 MPH)
|
|
Batting: RHB Hector Nunez
|
0-0: Foul Ball, location: 2F 0-1: Called Strike 0-2: Strikes out swinging, 2-3 out at first.
|
|
Batting: RHB Gary Hills
|
0-0: Fly out, F8 (Flyball, 8RXD, EV 102.5 MPH)
|
| Top of the 3rd over - 0 runs, 0 hits, 0 errors, 0 left on base; Reading 0 - Harrisburg 1 |
| BOTTOM OF THE 3RD |
|
Harrisburg Senators batting - Pitching for Reading Fightin Phils : RHP Frank Diaz
|
|
Batting: RHB Haykuhi Kagramanian
|
0-0: Ball 1-0: Called Strike 1-1: Fly out, F7 (Flyball, 7LM, EV 103.1 MPH)
|
|
Batting: RHB Marcus Dawson
|
0-0: Ball 1-0: Ball 2-0: Bunt missed! 2-1: SINGLE (Line Drive, 6D, EV 98.1 MPH)
|
|
Batting: RHB Jon Metzler
|
0-0: Called Strike Marcus Dawson steals 2nd base (no throw) 0-1: Ground out 6-3 (Groundball, 6S, EV 90.0 MPH) Marcus Dawson to third
|
|
Batting: RHB Deshawn Boseman
|
0-0: Called Strike 0-1: Foul Ball, location: 2F 0-2: Ball 1-2: Ball 2-2: Ground out 5-3 (Groundball, 5S, EV 85.6 MPH)
|
| Bottom of the 3rd over - 0 runs, 1 hit, 0 errors, 1 left on base; Reading 0 - Harrisburg 1 |
| TOP OF THE 4TH |
|
Reading Fightin Phils batting - Pitching for Harrisburg Senators : RHP Kalititi Haki
|
|
Batting: RHB Matt Strong
|
0-0: Ball 1-0: Ball 2-0: Ball 3-0: Called Strike 3-1: Swinging Strike 3-2: Base on Balls
|
|
Batting: LHB Danny Hill
|
0-0: Ball 1-0: Ball 2-0: Swinging Strike 2-1: Ball 3-1: Base on Balls Matt Strong to second
|
|
Batting: RHB Austin Wiebe
|
0-0: Ball 1-0: Called Strike 1-1: Ball 2-1: Ball 3-1: Foul Ball, location: 2F 3-2: Foul Ball, location: 2F 3-2: Base on Balls Matt Strong to third Danny Hill to second
|
|
Batting: LHB Chris Fandino
|
0-0: Ball 1-0: Swinging Strike 1-1: SINGLE (Groundball, 34D, EV 103.8 MPH) Matt Strong scores Danny Hill to third Austin Wiebe to second Runner from 3rd tries for Home, SAFE, throw by RF to home
|
|
Batting: RHB Mike Narciso
|
0-0: Called Strike 0-1: Foul Ball, location: 2F 0-2: Strikes out swinging
|
|
Batting: LHB Darrell Ortega
|
0-0: Ball 1-0: Foul Ball, location: 2F 1-1: Called Strike 1-2: Strikes out looking
|
|
Batting: RHB Fletcher Easter
|
0-0: Called Strike 0-1: Ball 1-1: Ball 2-1: SINGLE (Flyball, 8LS, EV 88.8 MPH) Austin Wiebe to third Chris Fandino to second Runner from 3rd tries for Home, throw by CF and OUT! 8-2
|
| Top of the 4th over - 2 runs, 2 hits, 0 errors, 2 left on base; Reading 2 - Harrisburg 1 |
| BOTTOM OF THE 4TH |
|
Harrisburg Senators batting - Pitching for Reading Fightin Phils : RHP Frank Diaz
|
|
Batting: LHB Shinji Adachi
|
0-0: Called Strike 0-1: Ball 1-1: Ball 2-1: Fly out, F6 (Flyball, 6D, EV 83.1 MPH)
|
|
Batting: RHB Justin Slifka
|
0-0: Called Strike 0-1: Foul Ball, location: 2F 0-2: Ball 1-2: Ground out 5-3 (Groundball, 5, EV 79.4 MPH)
|
|
Batting: LHB Ben Montgomery
|
0-0: Ground out 6-3 (Groundball, 6, EV 83.1 MPH)
|
| Bottom of the 4th over - 0 runs, 0 hits, 0 errors, 0 left on base; Reading 2 - Harrisburg 1 |
| TOP OF THE 5TH |
|
Reading Fightin Phils batting - Pitching for Harrisburg Senators : RHP Kalititi Haki
|
|
Batting: RHB Hector Nunez
|
0-0: Ball 1-0: Foul Ball, location: 2F 1-1: Swinging Strike 1-2: TRIPLE (Flyball, 8RXD, EV 100.6 MPH)
|
|
Batting: RHB Gary Hills
|
0-0: Swinging Strike 0-1: Swinging Strike 0-2: Ground out 1-3 (Groundball, 34S, EV 70.0 MPH)
|
|
Batting: RHB Matt Strong
|
0-0: Ball 1-0: Foul Ball, location: 2F 1-1: Ball 2-1: Foul Ball, location: 2F 2-2: Foul Ball, location: 2F 2-2: SINGLE (Line Drive, 4MD, EV 110.0 MPH) Hector Nunez scores
|
|
Batting: LHB Danny Hill
|
0-0: Called Strike 0-1: Ball 1-1: Called Strike 1-2: Ball 2-2: Ball 3-2: Foul Ball, location: 2F 3-2: Base on Balls Matt Strong to second
|
|
Batting: RHB Austin Wiebe
|
0-0: Ball 1-0: Foul Ball, location: 2F 1-1: Ball Matt Strong steals 3rd base Danny Hill to second 2-1: Ground out 6-3 (Groundball, 6, EV 82.5 MPH)
|
|
Batting: LHB Chris Fandino
|
0-0: Ball 1-0: Ball 2-0: Ball 3-0: Base on Balls
|
|
Batting: RHB Mike Narciso
|
0-0: Ball 1-0: Ball 2-0: Fly out, F7 (Line Drive, 7D, EV 89.4 MPH)
|
| Top of the 5th over - 1 run, 2 hits, 0 errors, 3 left on base; Reading 3 - Harrisburg 1 |
| BOTTOM OF THE 5TH |
|
Harrisburg Senators batting - Pitching for Reading Fightin Phils : RHP Frank Diaz
|
|
Batting: RHB Chris Pynn
|
0-0: Ball 1-0: Ball 2-0: Ground out 5-3 (Groundball, 56, EV 105.0 MPH)
|
|
Batting: LHB Diego Muniz
|
0-0: Ball 1-0: Ball 2-0: Called Strike 2-1: SINGLE (Groundball, 4MD, EV 100.0 MPH)
|
|
Batting: RHB Haykuhi Kagramanian
|
0-0: Called Strike Diego Muniz steals 2nd base 0-1: Ball 1-1: SINGLE (Groundball, 4MD, EV 97.5 MPH) Diego Muniz to third Runner from 3rd tries for Home, SAFE, throw by CF to home
|
|
Batting: RHB Marcus Dawson
|
0-0: Fielders Choice at 2nd, 1-6 (Groundball, 34S, EV 70.6 MPH)
|
|
Batting: RHB Jon Metzler
|
0-0: Ball Marcus Dawson steals 2nd, throwing error, E2 Marcus Dawson to third 1-0: Called Strike 1-1: Ground out 5-3 (Groundball, 56, EV 94.4 MPH)
|
| Bottom of the 5th over - 1 run, 2 hits, 1 error, 1 left on base; Reading 3 - Harrisburg 2 |
| TOP OF THE 6TH |
|
Reading Fightin Phils batting - Pitching for Harrisburg Senators : RHP Kalititi Haki
|
|
Pitching: RHP Tony Estrada
|
|
|
Batting: LHB Darrell Ortega
|
0-0: Ball 1-0: Swinging Strike 1-1: Called Strike 1-2: SINGLE (Groundball, 34D, EV 97.5 MPH)
|
|
Batting: RHB Fletcher Easter
|
0-0: Called Strike 0-1: Ball Darrell Ortega steals 2nd base 1-1: Intentional Walk
|
|
Batting: RHB Hector Nunez
|
0-0: Grounds into double play, 6-4-3 (Groundball, 6MD, EV 84.4 MPH) Darrell Ortega to third
|
|
Batting: RHB Gary Hills
|
0-0: Called Strike 0-1: Ball 1-1: Ball 2-1: Ball 3-1: Ground out 4-3 (Groundball, 4, EV 82.5 MPH)
|
| Top of the 6th over - 0 runs, 1 hit, 0 errors, 1 left on base; Reading 3 - Harrisburg 2 |
| BOTTOM OF THE 6TH |
|
Harrisburg Senators batting - Pitching for Reading Fightin Phils : RHP Frank Diaz
|
|
Batting: RHB Deshawn Boseman
|
0-0: Ball 1-0: DOUBLE (Line Drive, 7LS, EV 110.0 MPH)
|
|
Batting: LHB Shinji Adachi
|
0-0: Ball 1-0: Foul Ball, location: 2F 1-1: Foul Ball, location: 2F 1-2: Foul Ball, location: 2F 1-2: Ground out 6-3 (Groundball, 6M, EV 86.3 MPH) Deshawn Boseman to third
|
|
Batting: RHB Justin Slifka
|
0-0: Called Strike 0-1: Foul Ball, location: 2F 0-2: SINGLE (Groundball, 56, EV 98.8 MPH) Deshawn Boseman scores
|
|
Batting: LHB Ben Montgomery
|
0-0: Ball 1-0: Swinging Strike 1-1: Swinging Strike 1-2: Ball 2-2: Strikes out swinging
|
|
Batting: RHB Chris Pynn
|
0-0: Ball 1-0: Ball 2-0: Ball 3-0: Called Strike 3-1: Called Strike 3-2: Ground out 6-3 (Groundball, 6D, EV 103.8 MPH)
|
| Bottom of the 6th over - 1 run, 2 hits, 0 errors, 1 left on base; Reading 3 - Harrisburg 3 |
| TOP OF THE 7TH |
|
Reading Fightin Phils batting - Pitching for Harrisburg Senators : RHP Tony Estrada
|
|
Pitching: RHP Fernando Fierros
|
|
|
Batting: RHB Matt Strong
|
0-0: Ball 1-0: Ball 2-0: Foul Ball, location: 2F 2-1: Foul Ball, location: 2F 2-2: SINGLE (Groundball, 56D, EV 100.6 MPH)
|
|
Batting: LHB Danny Hill
|
0-0: Foul Ball, location: 2F 0-1: Ball 1-1: Foul Ball, location: 2F 1-2: Ball 2-2: Ball 3-2: Strikes out swinging Matt Strong steals 2nd base Batter strikes out.
|
|
Batting: RHB Austin Wiebe
|
0-0: Ball 1-0: Ball 2-0: Reached via error on a dropped throw from SS, E3 (Groundball, 6, EV 85.0 MPH) Matt Strong to third
|
|
Batting: LHB Chris Fandino
|
0-0: Ball 1-0: Ball 2-0: Ground out U3 (Groundball, 3, EV 87.5 MPH) Austin Wiebe to second
|
|
Pinch Hitting: LHB Michael Tuttle
|
0-0: Swinging Strike 0-1: Ball 1-1: Ball 2-1: Ground out 6-3 (Groundball, 4M, EV 110.6 MPH)
|
| Top of the 7th over - 0 runs, 1 hit, 1 error, 2 left on base; Reading 3 - Harrisburg 3 |
| BOTTOM OF THE 7TH |
|
Harrisburg Senators batting - Pitching for Reading Fightin Phils : RHP Frank Diaz
|
|
Now at 1B: Zach Downs
|
|
|
Batting: LHB Diego Muniz
|
0-0: Fly out, F8 (Line Drive, 8RM, EV 90.0 MPH)
|
|
Batting: RHB Haykuhi Kagramanian
|
0-0: Ball 1-0: Foul Ball, location: 2F 1-1: Foul Ball, location: 2F 1-2: Strikes out swinging
|
|
Batting: RHB Marcus Dawson
|
0-0: Called Strike 0-1: Ball 1-1: Foul Ball, location: 2F 1-2: Foul Ball, location: 2F 1-2: Ball 2-2: Foul Ball, location: 2F 2-2: Foul Ball, location: 2F 2-2: Ground out 4-3 (Groundball, 4, EV 83.8 MPH)
|
| Bottom of the 7th over - 0 runs, 0 hits, 0 errors, 0 left on base; Reading 3 - Harrisburg 3 |
| TOP OF THE 8TH |
|
Reading Fightin Phils batting - Pitching for Harrisburg Senators : RHP Fernando Fierros
|
|
Batting: LHB Darrell Ortega
|
0-0: Ground out 4-3 (Groundball, 4, EV 80.0 MPH)
|
|
Batting: RHB Fletcher Easter
|
0-0: Called Strike 0-1: Called Strike 0-2: Foul Ball, location: 2F 0-2: Foul Ball, location: 2F 0-2: Foul Ball, location: 2F 0-2: SINGLE (Line Drive, 7S, EV 87.5 MPH)
|
|
Batting: RHB Hector Nunez
|
0-0: Called Strike 0-1: Foul Ball, location: 2F 0-2: Foul Ball, location: 2F 0-2: Strikes out swinging
|
|
Pinch Hitting: LHB Jose Fierro
|
0-0: Ball 1-0: Ball 2-0: Ball 3-0: Base on Balls Fletcher Easter to second
|
|
Batting: RHB Matt Strong
|
0-0: Called Strike 0-1: Foul Ball, location: 2F 0-2: Ground out U3 (Groundball, 34S, EV 71.9 MPH)
|
| Top of the 8th over - 0 runs, 1 hit, 0 errors, 2 left on base; Reading 3 - Harrisburg 3 |
| BOTTOM OF THE 8TH |
|
Harrisburg Senators batting - Pitching for Reading Fightin Phils : RHP Frank Diaz
|
|
Pitching: LHP Josh Turner
|
|
|
Now at SS: Jose Fierro
|
|
|
Batting: RHB Jon Metzler
|
0-0: Ball 1-0: Called Strike 1-1: Foul Ball, location: 2F 1-2: SINGLE (Flyball, 8RS, EV 87.5 MPH)
|
|
Batting: RHB Deshawn Boseman
|
0-0: Swinging Strike 0-1: Ball Jon Metzler steals 2nd base 1-1: Intentional Walk
|
|
Pinch Hitting: RHB Brennan Cameron
|
0-0: Ball 1-0: Foul Ball, location: 2F 1-1: Foul Ball, location: 2F 1-2: Ball 2-2: Ball 3-2: Base on Balls Jon Metzler to third Deshawn Boseman to second
|
|
Batting: RHB Justin Slifka
|
0-0: Grounds into fielders choice 1-2 (Groundball, 13S, EV 61.3 MPH) Deshawn Boseman to third Brennan Cameron to second
|
|
Pinch Hitting: RHB Tony Madrigal
|
0-0: Ball 1-0: Grounds into fielders choice 5-2 (Groundball, 56, EV 80.6 MPH) Brennan Cameron to third Justin Slifka to second
|
|
Batting: RHB Chris Pynn
|
0-0: Ball 1-0: SINGLE (Groundball, 56D, EV 96.9 MPH) Brennan Cameron scores Justin Slifka to third Tony Madrigal to second Runner from 3rd tries for Home, SAFE, throw by LF to home Tony Madrigal to third Chris Pynn to second
|
|
Batting: LHB Diego Muniz
|
0-0: Called Strike 0-1: Ball 1-1: Ground out 5-3 (Groundball, 56S, EV 84.4 MPH)
|
| Bottom of the 8th over - 2 runs, 2 hits, 0 errors, 2 left on base; Reading 3 - Harrisburg 5 |
| TOP OF THE 9TH |
|
Reading Fightin Phils batting - Pitching for Harrisburg Senators : RHP Fernando Fierros
|
|
Pitching: RHP Danny Hoekenga
|
|
|
Now at 1B: Brennan Cameron
|
|
|
Now in LF: Adam Jacobs
|
|
|
Now in RF: Tony Madrigal
|
|
|
Batting: LHB Danny Hill
|
0-0: Ball 1-0: Fly out, F3 (Popup, 34S, EV 80.0 MPH)
|
|
Batting: RHB Austin Wiebe
|
0-0: Foul Ball, location: 2F 0-1: Ball 1-1: Foul Ball, location: 2F 1-2: Strikes out swinging
|
|
Batting: LHB Chris Fandino
|
0-0: Called Strike 0-1: Ball 1-1: Ball 2-1: SINGLE (Groundball, 56D, EV 98.1 MPH)
|
|
Batting: RHB Zach Downs
|
0-0: Ball 1-0: Called Strike 1-1: Ball 2-1: Ball 3-1: SINGLE (Groundball, 6MD, EV 95.0 MPH) Chris Fandino to second
|
|
Batting: LHB Darrell Ortega
|
0-0: Ball 1-0: Ball 2-0: DOUBLE (Flyball, 8LXD, EV 100.0 MPH) Chris Fandino scores Zach Downs to third
|
|
Batting: RHB Fletcher Easter
|
0-0: Intentional Walk
|
|
Batting: RHB Hector Nunez
|
0-0: Called Strike 0-1: Fly out, F7 (Line Drive, 7D, EV 95.6 MPH)
|
| Top of the 9th over - 1 run, 3 hits, 0 errors, 3 left on base; Reading 4 - Harrisburg 5 |
|